 Dungeon Crawl Stone Soup version 0.27-a0-1140-g099f9bb0e8 (webtiles) character file.

Game seed: 981667943171944445

930 leviel the Chopper (level 7, -4/63 HPs)
             Began as a Minotaur Fighter on May 9, 2021.
             Succumbed to a gnoll sergeant's poison
             ... on level 4 of the Dungeon.
             The game lasted 00:03:27 (3841 turns).

leviel the Chopper (Minotaur Fighter)               Turns: 3841, Time: 00:03:27

Health: -4/63      AC:  8    Str: 22    XL:     7   Next: 86%
Magic:  6/6        EV:  8    Int:  5    God:
Gold:   167        SH: 15    Dex: 10    Spells: 6/6 levels left

rFire    + . .     SeeInvis .   w - +7 broad axe "Yqeeredgh" {freeze, *Noise Fly rF+}
rCold    . . .     Faith    .   c - +0 kite shield
rNeg     . . .     Spirit   .   b - +0 scale mail
rPois    .         Reflect  +   (helmet restricted)
rElec    .         Harm     .   (no cloak)
rCorr    .         Rampage  .   (no gloves)
Will     .....                  q - +0 pair of boots
Stlth    ..........             e - amulet of reflection
HPRegen  0.20/turn              (no ring)
MPRegen  0.10/turn              (no ring)

@: lethally poisoned (-4 -> -29), flying
A: horns 2, retaliatory headbutt
a: no special abilities


You were on level 4 of the Dungeon.
You visited 1 branch of the dungeon, and saw 5 of its levels.

You collected 167 gold pieces.

Inventory:

Hand Weapons
 r - a +1 war axe of venom
 w - the +7 broad axe "Yqeeredgh" (weapon) {freeze, *Noise Fly rF+}
   (You found it on level 5 of the Dungeon)

   It has been specially enchanted to freeze those struck by it, causing extra
   injury to most foes and up to half again as much damage against particularly
   susceptible opponents.
   It can also slow down cold-blooded creatures.
   It protects you from fire.
   It grants you flight.
   It may make noises in combat.
Armour
 b - a +0 scale mail (worn)
 c - a +0 kite shield (worn)
 q - a +0 pair of boots (worn)
Jewellery
 e - an amulet of reflection (around neck)
 f - a ring of ice
Wands
 p - a wand of iceblast (7)
Scrolls
 a - a scroll of enchant weapon {unknown}
 g - a scroll of silence {unknown}
 h - a scroll of enchant armour {unknown}
 m - a scroll of blinking {unknown}
 n - 4 scrolls of identify {unknown}
 s - 2 scrolls of fear {unknown}
 t - a scroll of holy word {unknown}
 v - a scroll of amnesia {unknown}
Potions
 d - a potion of might
 i - 2 potions of cancellation {unknown}
 j - a potion of flight {unknown}
 k - a potion of berserk rage {unknown}
 l - a potion of curing {unknown}
 o - a potion of haste {unknown}
 u - a potion of magic {unknown}


   Skills:
 + Level 6.0 Fighting
 * Level 7.1 Axes
 + Level 6.1 Armour
 + Level 6.0 Shields


You had 6 spell levels left.
You didn't know any spells.
Your spell library was empty.

Dungeon Overview and Level Annotations

Branches:
Dungeon (5/15)
 Temple: D:4-7

Altars:
Gozag
Nemelex Xobeh
Vehumet

Shops:
D:1 *

Annotations:
D:2 1 runed translucent door, Crazy Yiuf


Innate Abilities, Weirdness & Mutations

You have a pair of horns on your head.
You reflexively headbutt those who attack you in melee.


Message History

You block the gnoll shaman's attack.
You slash the gnoll shaman! You freeze the gnoll shaman.
Your headbutt misses the gnoll shaman.
The gnoll shaman is heavily wounded.
You block the gnoll sergeant's attack.
You closely miss the gnoll shaman.
The gnoll shaman is heavily wounded.
You block the gnoll shaman's attack. You block the gnoll sergeant's attack.
The gnoll shaman hits you with a +0 whip.
The gnoll sergeant hits you from afar with a +0 spear of venom.
You are poisoned.
You slash the gnoll shaman! You freeze the gnoll shaman.
You kill the gnoll shaman!
You feel very sick. You block the gnoll's attack.
The gnoll sergeant hits you from afar with a +0 spear of venom.
You are more poisoned.
The gnoll hits you from afar with a +2 spear of freezing!
The gnoll freezes you.
You feel very sick. You block the gnoll sergeant's attack.
You block the gnoll's attack.
The gnoll hits you with a +2 spear of freezing.
The gnoll freezes you.
You are too injured to fight recklessly!
Unknown command.
You feel very sick.
The gnoll sergeant hits you from afar with a +0 spear of venom!
* * * LOW HITPOINT WARNING * * *
You are lethally poisoned!
You block the gnoll's attack. x2
There is a stone staircase leading up, spattered with blood here.
* * * LOW HITPOINT WARNING * * *
You feel extremely sick. The gnoll sergeant misses you.
You block the gnoll's attack.
The gnoll hits you from afar with a +2 spear of freezing.
* * * LOW HITPOINT WARNING * * *
The gnoll freezes you.
* * * LOW HITPOINT WARNING * * *
You fly upwards.
You die...

................#
.####...........##
.##..............#
.##.##..........##
.##.##..........#
..#.###).......#######
..#.##...............#
............>........#
..####..........@....#
.#####...............#
.##..................#
.##.#........[.......#
.##...##.............#
.....##..###.........#
.######.##...........#
........#............#
..##..............####


There were no monsters in sight!

Vanquished Creatures
  An ogre (D:4)
  Blork the orc (D:4)
  A bullfrog (D:4)
  2 scorpions (D:5)
  A wyvern skeleton (D:5)
  2 jellies (D:4)
  A gnoll shaman (D:5)
  A hound (D:4)
  An orc priest (D:5)
  Ijyb (D:4)
  Natasha (twice) (D:2)
  5 orc wizards
  An iguana (D:5)
  A howler monkey skeleton (D:4)
  2 gnolls (D:5)
  8 adders
  An ufetubus (D:4)
  An adder skeleton (D:3)
  A dart slug (D:2)
  10 orcs (D:4)
  An endoplasm (D:2)
  2 giant cockroaches
  4 goblins (D:2)
  7 hobgoblins
  3 jackals (D:5)
  6 quokkas
  3 ball pythons
  3 bats (D:1)
  4 kobolds
  5 rats
82 creatures vanquished.

Notes
Turn   | Place    | Note
-------+----------+-------------------------------------------
     0 | D:1      | leviel the Minotaur Fighter began the quest for the Orb.
     0 | D:1      | Reached XP level 1. HP: 19/19 MP: 0/0
   224 | D:1      | Found Pucuch's General Store.
   316 | D:1      | Found a faded altar of an unknown god.
   440 | D:1      | Reached XP level 2. HP: 27/27 MP: 1/1
   811 | D:2      | Reached skill level 3 in Axes
   911 | D:2      | Reached XP level 3. HP: 29/33 MP: 2/2
  1143 | D:2      | Found a runed translucent door.
  1144 | D:2      | Noticed Crazy Yiuf
  1207 | D:2      | Noticed Natasha
  1212 | D:2      | Killed Natasha
  1213 | D:2      | Reached XP level 4. HP: 40/40 MP: 3/3
  1411 | D:2      | Noticed Natasha
  1418 | D:2      | Killed Natasha
  1798 | D:3      | Found an opulent altar of Gozag.
  1799 | D:3      | Found a sparkling altar of Nemelex Xobeh.
  2035 | D:3      | Reached skill level 4 in Axes
  2101 | D:4      | Reached XP level 5. HP: 44/47 MP: 4/4
  2381 | D:4      | Identified the +1 robe of Space {rC+}
  2402 | D:4      | Noticed Ijyb
  2416 | D:4      | Killed Ijyb
  2417 | D:4      | Reached skill level 5 in Fighting
  2417 | D:4      | Reached skill level 5 in Axes
  2417 | D:4      | Reached XP level 6. HP: 45/56 MP: 5/5
  2431 | D:4      | Reached skill level 5 in Armour
  2431 | D:4      | Reached skill level 5 in Shields
  2529 | D:4      | Noticed Blork the orc
  2537 | D:4      | Killed Blork the orc
  2813 | D:4      | Reached skill level 6 in Axes
  2813 | D:4      | Reached XP level 7. HP: 61/61 MP: 6/6
  2902 | D:4      | Found a radiant altar of Vehumet.
  3006 | D:5      | Entered Level 5 of the Dungeon
  3558 | D:5      | Identified the +7 broad axe "Yqeeredgh" {freeze, *Noise Fly
                  | rF+}
  3568 | D:5      | Reached skill level 7 in Axes
  3841 | D:4      | Succumbed to a gnoll sergeant's poison

Illustrated notes

Levels and vault maps discovered:
D:1:      dpeg_arrival_water_temple_mockup, layout_basic, serial_shops,
          nicolae_shop_stone, serial_bayou, serial_bayou_crossing,
          serial_bayou_shore_a, serial_bayou_shore_b, serial_bayou_pond_e,
          shapermc_ecumenical_altar_starsandcircs, serial_park_tiny_pond,
          nrook_mini_vaults, minmay_misc_feat_encased, minivault_19,
          minmay_pentomino_w2
D:2:      layout_basic, minmay_fountain_box, uniq_natasha,
          uniq_crazy_yiuf_cottage
D:3:      layout_loops_ring, grunt_temple_overflow_opulence
D:4:      layout_rooms, lemuel_tele_altar, uniq_ijyb, uniq_blork_the_orc
D:5:      layout_cave_pools, minmay_temple_entry_sparse_star

Skill      XL: |  1  2  3  4  5  6  7 |
---------------+----------------------+-----
Fighting       | 4 5 6 |  6.0
Armour         | 4 5 6 |  6.1
Shields        | 4 5 6 |  6.0
Axes           | 3 4 5 6 7 |  7.1

Action                   |  1- 3 |  4- 6 |  7- 9 || total
-------------------------+-------+-------+-------++-------
Melee: War axe           |    48 |   106 |    24 ||   178
       Headbutt          |    10 |    17 |     8 ||    35
       Broad axe         |       |       |    11 ||    11
Armor: Scale mail        |    22 |    46 |    13 ||    81
Dodge: Dodged            |    13 |    27 |     9 ||    49
Block: Kite shield       |    38 |    86 |    45 ||   169
       Reflection        |     1 |     1 |       ||     2

Table legend: (Time is in decaauts)
 A = Elapsed time spent in this place.
 B = Non-inter-level travel time spent in this place.
 C = Inter-level travel time spent in this place.
 D = Time resting spent in this place.
 E = Time spent auto-exploring this place.
 F = Levels seen in this place.
 G = Mean time per level.
                   A        B        C        D        E       F      G
               +--------+--------+--------+--------+--------+-----+--------+
         Total |   3958 |   3874 |     84 |    635 |   2673 |   5 |  791.6 |
       Dungeon |   3958 |   3874 |     84 |    635 |   2673 |   5 |  791.6 |
               +--------+--------+--------+--------+--------+-----+--------+

Top non-repeatable levels by time:
     D:4: 1172 daAuts
     D:1: 765 daAuts
     D:2: 718 daAuts
     D:3: 675 daAuts
     D:5: 625 daAuts
